 Dungeon Sprint DCSS version 0.28-a0-1080-g05a166d0ed (webtiles) character file.

Game seed: 18389654920391420719

26 DarkBird the Digger (level 2, -9/20 HPs)
             Began as a Draconian Earth Elementalist on Dec 9, 2021.
             Mangled by a yak (16 damage)
             ... in the Dungeon (Sprint I: "Red Sonja").
             The game lasted 00:01:21 (74 turns).

DarkBird the Digger (Draconian Earth Elementalist)    Turns: 74, Time: 00:01:24

Health: -9/20      AC:  4    Str: 10    XL:     2   Next: 89%
Magic:  0/6        EV: 12    Int: 15    God:
Gold:   54         SH:  0    Dex: 11    Spells: 4/7 levels left

rFire   . . .      SeeInvis .   f - +0 dagger
rCold   . . .      Faith    .   (no shield)
rNeg    . . .      Spirit   .   (armour unavailable)
rPois   .          Reflect  .   (helmet restricted)
rElec   .          Harm     .   (no cloak)
rCorr   .          Rampage  .   (no gloves)
Will    .....      NoTele   +   (no boots)
Stlth   ++........              (no amulet)
HPRegen 0.06/turn               (no ring)
MPRegen 0.10/turn               (no ring)

@: no status effects
A: AC +4, unfitting armour, cold-blooded
a: no special abilities


You were in the Dungeon.
You visited 1 branch You collected 54 gold pieces.

Inventory:

Hand Weapons
 f - a +0 dagger (weapon)
Missiles
 h - 24 stones
Wands
 a - a wand of iceblast (7) (quivered)
Scrolls
 g - a scroll of blinking
Potions
 b - a potion of curing
 d - a potion of haste
 e - 2 potions of magic


   Skills:
 + Level 2.6 Dodging
 + Level 2.4 Stealth
 + Level 0.6 Unarmed Combat
 + Level 3.1 Spellcasting
 + Level 1.1 Transmutations
 + Level 5.1 Earth Magic


You had 4 spell levels left.
You knew the following spells:

 Your Spells              Type           Power      Damage    Failure   Level
a - Sandblast             Erth           34%        2d9       2%          1
b - Passwall              Tmut/Erth      9%         N/A       9%          2

Your spell library contained the following spells:

 Spells                   Type           Power      Damage    Failure   Level
 Stone Arrow              Conj/Erth      20%        3d8       21%         3
 Petrify                  Tmut/Erth      11%        N/A       47%         4


Dungeon Overview and Level Annotations

Branches:
Dungeon (1/1)

Altars:
Cheibriados
Dithmenos
Elyvilon
Fedhas
Gozag
Hepliaklqana
Kikubaaqudgha
Nemelex Xobeh
Okawaru
Qazlal
Ru
Trog
Uskayaw
Yredelemnul
Zin
The Shining One

Shops:
D (


Innate Abilities, Weirdness & Mutations

Your plain brown scales are hard. (AC +4)
You cannot fit into any form of body armour.
You are cold-blooded and may be slowed by cold attacks.


Message History

Aiming: Passwall (safe; 9% risk of failure)
Press: ? - help, Q - select action, (/) - cycle Dir - move target A rock wall.
You begin to meditate on the wall.
You continue meditating on the rock. x2
You finish merging with the rock.
Found Juxooph's Weapon Emporium.
Found sixteen altars.
Aiming: Iceblast
Press: ? - help, Q - select action, (/) - cycle Shift-Dir - straight line, f - yak
Aim: a yak (asleep)
The mass of ice explodes!
The iceblast engulfs the yak!
The yak is moderately wounded.
Unknown command.
Press < or > to pray at altars.
Aiming: Iceblast
Press: ? - help, Q - select action, (/) - cycle Shift-Dir - straight line, f/p - yak
Aim: a yak (moderately wounded)
The mass of ice explodes!
The iceblast engulfs the yak.
The yak is moderately wounded.
The blast of sand misses the yak.
The blast of sand hits the yak but does no damage.
The yak is moderately wounded.
The blast of sand hits the yak!
The yak is severely wounded.
The yak barely misses you.
You barely miss the yak.
The yak is severely wounded.
The yak gores you!
Ouch! That really hurt!
You feel much better. The yak barely misses you.
Aiming: Iceblast
Press: ? - help, Q - select action, (/) - cycle Shift-Dir - straight line, f/p - yak
Aim: a yak (severely wounded) That beam is likely to hit you.
Continue anyway?
The mass of ice explodes!
The iceblast engulfs the yak!
The yak is almost dead.
The iceblast engulfs you!
Ouch! That really hurt!
The yak gores you!
Ouch! That really hurt!
You die...

#######
#<.#..+
#..[..#
#..####
#..####
#..#__####
#..#_____##
#⌠⌠#@Y∩...+
####_..__##
#..#_____#
##########


You could see a yak.

Vanquished Creatures
  Ijyb (D)
1 creature vanquished.

Notes
Turn   | Place    | Note
-------+----------+-------------------------------------------
     0 | D        | DarkBird the Draconian Earth Elementalist began the quest
                  | for the Orb.
     0 | D        | Reached XP level 1. HP: 14/14 MP: 3/3
     2 | D        | Noticed Ijyb
    11 | D        | Killed Ijyb
    12 | D        | Reached skill level 5 in Earth Magic
    12 | D        | Reached XP level 2. HP: 20/20 MP: 0/6
    56 | D        | Learned a level 2 spell: Passwall
    67 | D        | Found an ancient bone altar of Kikubaaqudgha.
    67 | D        | Found Juxooph's Weapon Emporium.
    67 | D        | Found a basalt altar of Yredelemnul.
    67 | D        | Found a glowing golden altar of the Shining One.
    67 | D        | Found an iron altar of Okawaru.
    67 | D        | Found a bloodstained altar of Trog.
    67 | D        | Found a hide-covered altar of Uskayaw.
    67 | D        | Found a blossoming altar of Fedhas.
    67 | D        | Found a hazy altar of Hepliaklqana.
    67 | D        | Found a stormy altar of Qazlal.
    67 | D        | Found a shadowy altar of Dithmenos.
    67 | D        | Found a white marble altar of Elyvilon.
    67 | D        | Found a sacrificial altar of Ru.
    67 | D        | Found a glowing silver altar of Zin.
    67 | D        | Found a snail-covered altar of Cheibriados.
    67 | D        | Found an opulent altar of Gozag.
    67 | D        | Found a sparkling altar of Nemelex Xobeh.
    67 | D        | Noticed a yak
    74 | D        | Mangled by a yak

Illustrated notes

Levels and vault maps discovered:
D:        dungeon_sprint_1 [red_sonja_temple_1, red_sonja_temple_small_1]

Skill      XL: |  1 |
---------------+----+-----
Dodging        | 2 |  2.6
Stealth        | 2 |  2.4
Spellcasting   | 3 |  3.1
Earth Magic    | 5 |  5.1
Unarmed Combat | |  0.6
Transmutations | |  1.1

Action                   || total
-------------------------++-------
Melee: Unarmed           ||     5
       Tailslap          ||     2
       Dagger            ||     1
 Cast: Sandblast         ||     6
       Passwall          ||     2
Evoke: Wand              ||     3
  Use: Potion            ||     2
Armor: Skin              ||     2
Dodge: Dodged            ||     5

Table legend: (Time is in decaauts)
 A = Elapsed time spent in this place.
 B = Non-inter-level travel time spent in this place.
 C = Inter-level travel time spent in this place.
 D = Time resting spent in this place.
 E = Time spent auto-exploring this place.
 F = Levels seen in this place.
 G = Mean time per level.
                   A        B        C        D        E       F      G
               +--------+--------+--------+--------+--------+-----+--------+
         Total |     82 |     82 |      0 |     36 |      0 |   1 |   82.0 |
       Dungeon |     82 |     82 |      0 |     36 |      0 |   1 |   82.0 |
               +--------+--------+--------+--------+--------+-----+--------+

Top non-repeatable levels by time:
       D: 82 daAuts
